 Dungeon Crawl Stone Soup version 0.24.0-125-gc4c63601f3 (webtiles) character file.

Game seed: 11397222368136534196, levelgen mode: deterministic

2786 lepoulpe303 the Covert (level 9, -5/44 HPs)
             Began as a Spriggan Enchanter on Mar 13, 2020.
             Was an Initiate of Gozag.
             Slain by a killer bee (7 damage)
             ... on level 8 of the Dungeon.
             The game lasted 00:46:49 (9946 turns).

lepoulpe303 the Covert (Spriggan Enchanter)         Turns: 9946, Time: 00:46:50

Health: -5/44      AC:  4    Str:  4    XL:     9   Next: 43%
Magic:  14/16      EV: 23    Int: 20    God:    Gozag
Gold:   888        SH:  7    Dex: 16    Spells: 1/16 levels left

rFire    + . .     SeeInvis +   a - +3 short sword (venom)
rCold    x . .     Gourm    .   c - +0 buckler
rNeg     . . .     Faith    .   u - +2 robe {MR+} {MR+}
rPois    .         Spirit   .   E - +0 hat
rElec    .         Reflect  .   (no cloak)
rCorr    .         Harm     .   (gloves unavailable)
MR       ++...                  (boots unavailable)
Stlth    +++++.....             (no amulet)
HPRegen  0.14/turn              h - ring of fire {rF+, rC-}
MPRegen  0.15/turn              x - ring of stealth {Stlth+}

@: about to teleport, gold aura, very quick
A: very small, unfitting armour, see invisible, herbivore, speed 3, slow
metabolism 2
a: Potion Petition, Call Merchant, Bribe Branch, Renounce Religion


You were on level 8 of the Dungeon.
You worshipped Gozag.
Gozag was pleased with you.
You were hungry.

You visited 2 branches of the dungeon, and saw 9 of its levels.

You collected 968 gold pieces.
You paid 80 gold pieces to Gozag.

Inventory:

Hand Weapons
 a - a +3 short sword of venom (weapon)
 b - a +2 short sword of holy wrath
Missiles
 g - 18 poisoned darts (quivered)
Armour
 c - a +0 buckler (worn)
 u - a +2 robe of magic resistance (worn) {MR+}
 E - a +0 hat (worn)
Magical Staves
 v - an uncursed staff of fire {rF+}
Jewellery
 h - a ring of fire (left hand) {rF+, rC-}
 x - a ring of stealth (right hand) {Stlth+}
Wands
 p - a wand of iceblast (8)
 y - a wand of paralysis (5)
Scrolls
 d - a scroll of amnesia {unknown}
 f - 2 scrolls of fog {unknown}
 i - 3 scrolls of identify
 j - 3 scrolls of enchant weapon
 l - 2 scrolls of random uselessness {unknown}
 m - 2 scrolls of magic mapping {!r}
 s - a scroll of fear {unknown}
 t - 3 scrolls of teleportation
 w - 4 scrolls of remove curse
 z - a scroll of blinking {unknown}
 B - a scroll of immolation {unknown}
 C - a scroll of vulnerability {unknown}
Potions
 k - 3 potions of might
 n - a potion of haste {unknown}
 o - 4 potions of magic
 q - 2 potions of curing
 r - 2 potions of cancellation
 A - a potion of mutation {unknown}
 D - a potion of lignification {unknown}
 F - a potion of brilliance {unknown}
Comestibles
 e - 4 rations


   Skills:
 - Level 3.0 Fighting
 + Level 5.3 Short Blades
 - Level 8.1 Dodging
 + Level 8.5 Stealth
 + Level 3.2 Shields
 - Level 4.0 Spellcasting
 - Level 8.0 Hexes
 + Level 2.5 Air Magic
 + Level 2.5 Poison Magic


You had one spell level left.
You knew the following spells:

 Your Spells              Type           Power        Failure   Level  Hunger
a - Ensorcelled Hibernat  Hex/Ice        ###...       4%          2    #......
b - Tukima's Dance        Hex            #####...     1%          3    ###....
c - Confuse               Hex            #####...     1%          3    ###....
d - Dazzling Spray        Conj/Hex       ###...       10%         3    ###....
v - Corona                Hex            #####..      1%          1    None
x - Mephitic Cloud        Conj/Pois/Air  ##......     26%         3    ###....

Your spell library contained the following spells:

 Spells                   Type           Power        Failure   Level  Hunger
 Shock                    Conj/Air       #...         10%         1    None
 Magic Dart               Conj           #...         17%         1    None
 Slow                     Hex            #####...     1%          2    #......
 Swiftness                Chrm/Air       #.......     16%         2    #......
 Blink                    Tloc           N/A          26%         2    #......
 Call Imp                 Summ           #.......     26%         2    #......
 Searing Ray              Conj           #.....       26%         2    #......
 Static Discharge         Conj/Air       #.......     30%         3    ###....
 Fulminant Prism          Conj/Hex       ###.......   32%         4    ####...
 Conjure Flame            Conj/Fire      #.......     45%         3    ###....
 Airstrike                Air            ##........   52%         4    ####...
 Force Lance              Conj/Tloc      #.......     86%         4    ####...
 Iskenderun's Mystic Bla  Conj           #.......     86%         4    ####...
 Lightning Bolt           Conj/Air       #.........   95%         5    ######.


Dungeon Overview and Level Annotations

Branches:
Dungeon (8/15)             Temple (1/1) D:4
   Lair: D:8-11

Altars:
Ashenzari
Elyvilon
Gozag
Kikubaaqudgha
Nemelex Xobeh
Okawaru
Qazlal
Sif Muna
Trog
Uskayaw
Vehumet
Wu Jian
Xom
Yredelemnul
Zin
The Shining One

Shops:
D:7 =   D:8 :

Annotations:
D:4 2 transporters, Gartch3's ghost, amateur SpEn
D:8 Maurice


Innate Abilities, Weirdness & Mutations

You are very small and have problems with some larger weapons.
You are too small for most types of armour.
You have supernaturally acute eyesight. (SInv)
You are a herbivore.
You cover ground extremely quickly.
You need to consume almost no food.


Message History

The killer bee stings you!
* * * LOW HITPOINT WARNING * * *
The killer bee closely misses you.
You take 3 damage, and have 10/44 hp.
You hit the killer bee but do no damage.
The killer bee is poisoned.
The killer bee stings you!
* * * LOW HITPOINT WARNING * * *
You block the killer bee's attack. The killer bee completely misses you.
The killer bee stings you.
* * * LOW HITPOINT WARNING * * *
You take 9 damage, and have 1/44 hp.
MASSIVE DAMAGE!!
As you read the scroll of teleportation, it crumbles to dust.
You feel strangely unstable. The killer bee completely misses you.
The killer bee closely misses you.
The killer bee stings you but does no damage.
The killer bee closely misses you.
You barely miss the killer bee. The killer bee stings you!
You die...
Your body crumbles into a pile of gold.

########o#5..o'. *********
#.o..!oo$#ol..#. *,,,,,,,*
#.####.#.##..### *,****#,* ##.##
#.#..##'### *,*
###.######...###(.#####.'.
***,*##................##HHz'###
*,,,,.yy.....###...###$#ohhZ.#.#
*,*,*##.#....y###o####.#lho!.#..
*,*,* *,#....yy@yY....$#h?.[.#..
*,*,***,#.....########.##[[.##..
*,*,**...#.....* #$.#####.#.
*,*,*,###....>########.#..y..##,
*,*,,,* #.#.#..........#..##.#*,
*,***,**#.#.#.##########......,,
*,***,,,.*#.#.# *####.##,
*,*,,,,,***,#.######## #..y,,
*,,,,,,,,,,,#...y...y# #..#*,


You could see an orc warrior, a sky beast (invisible) and 4 killer bees.

Levels and vault maps discovered:
D:1:      minmay_arrival_arboretum_small, layout_basic
D:2:      minmay_general_purpose_star, layout_basic, minmay_bisected
D:3:      layout_rooms, uniq_purgy, uniq_jessica
D:4:      layout_cave_pools, chequers_temple_overflow_minitemple,
          minmay_temple_entry_tees, gammafunk_ghost_smash, first_ration,
          uniq_robin, uniq_blork_the_orc
D:5:      layout_basic, grunt_temple_overflow_magic_moments
D:6:      layout_loops_corners
D:7:      layout_basic, chequers_temple_overflow_statue_of_worship,
          serial_shops, shop_statue
D:8:      layout_loops_ring, nicolae_ossuary_entry_monument, serial_shops,
          nicolae_shop_crystal, david_nohive_1, minmay_joined_circles,
          uniq_maurice
Temple:   cyrus_circular_temple

Notes
Turn   | Place    | Note
-------+----------+-------------------------------------------
     0 | D:1      | lepoulpe303 the Spriggan Enchanter began the quest for the
                  | Orb.
     0 | D:1      | Reached XP level 1. HP: 9/9 MP: 5/5
   189 | D:1      | Identified a +0 dagger
   190 | D:1      | Identified a +0 club
   264 | D:1      | Reached XP level 2. HP: 10/13 MP: 6/6
   268 | D:1      | Learned a level 2 spell: Ensorcelled Hibernation
   351 | D:1      | Reached skill level 5 in Stealth
   388 | D:1      | Reached skill level 2 in Short Blades
   687 | D:1      | Identified a +0 dagger
   721 | D:1      | Identified a +0 club
   773 | D:1      | Reached XP level 3. HP: 13/16 MP: 8/8
   937 | D:1      | Identified a +2 short sword of holy wrath
   999 | D:1      | Identified a +0 club
  1258 | D:2      | Identified a +0 dagger
  1489 | D:2      | HP: 3/16 [worm (7)]
  1504 | D:2      | HP: 2/16 [bat (1)]
  1524 | D:2      | Learned a level 3 spell: Confuse
  1741 | D:2      | Identified a +0 dagger
  1741 | D:2      | Identified a +0 whip
  1753 | D:2      | Reached skill level 3 in Short Blades
  1753 | D:2      | Reached skill level 6 in Stealth
  1753 | D:2      | Reached XP level 4. HP: 16/21 MP: 6/9
  1940 | D:2      | Identified 4 scrolls of magic mapping
  1941 | D:2      | Identified 2 scrolls of teleportation
  2240 | D:2      | Identified a +0 dagger
  2247 | D:2      | Identified a +0 club
  2714 | D:2      | Identified a +0 club
  2883 | D:3      | Identified a +0 hand axe
  2883 | D:3      | Identified a +0 dagger
  2883 | D:3      | Identified a +0 robe
  2883 | D:3      | Identified a +0 club
  2883 | D:3      | Identified a +0 leather armour
  2884 | D:3      | Reached skill level 7 in Stealth
  2884 | D:3      | Reached XP level 5. HP: 24/24 MP: 10/10
  2893 | D:3      | Identified a cursed +0 club
  2968 | D:2      | Learned a level 3 spell: Tukima's Dance
  3110 | D:3      | Reached skill level 4 in Short Blades
  3289 | D:3      | Identified a +0 dagger
  3326 | D:3      | Identified a +0 hand axe
  3326 | D:3      | Identified a +0 leather armour
  3326 | D:3      | Identified a +0 whip
  3326 | D:3      | Identified a +0 chain mail
  3326 | D:3      | Identified a +0 whip
  3326 | D:3      | Identified a +0 scale mail
  3327 | D:3      | Identified a +0 hand axe
  3327 | D:3      | Identified a +0 scale mail
  3439 | D:3      | Identified a +0 club
  3466 | D:3      | Identified 2 scrolls of remove curse
  3467 | D:3      | Identified a ring of fire (You found it on level 1 of the
                  | Dungeon)
  3476 | D:3      | Identified a +2 dagger of venom
  3477 | D:3      | Reached skill level 1 in Shields
  3532 | D:3      | Noticed Purgy
  3545 | D:3      | Killed Purgy
  3545 | D:3      | Reached skill level 8 in Stealth
  3545 | D:3      | Reached XP level 6. HP: 22/28 MP: 2/11
  3660 | D:3      | Identified a cursed +0 robe
  3660 | D:3      | Noticed Jessica
  3660 | D:3      | Identified a +0 dagger
  3703 | D:3      | Killed Jessica
  3703 | D:3      | Reached skill level 5 in Short Blades
  3827 | D:3      | Identified a +0 buckler (You found it on level 2 of the
                  | Dungeon)
  3862 | D:3      | Identified a +0 whip
  3862 | D:3      | Identified a cursed -3 short sword
  4090 | D:4      | Reached skill level 3 in Spellcasting
  4109 | D:4      | Identified a +0 dagger
  4127 | D:4      | Reached skill level 4 in Hexes
  4298 | D:4      | Reached XP level 7. HP: 32/32 MP: 8/13
  4309 | D:4      | Learned a level 3 spell: Dazzling Spray
  4378 | D:4      | Identified a +0 trident
  4378 | D:4      | Identified a +2 robe of magic resistance
  4378 | D:4      | Noticed Blork the orc
  4380 | D:4      | Found a staircase to the Ecumenical Temple.
  4412 | D:4      | Identified a +0 club
  4412 | D:4      | Identified a +0 dagger
  4413 | D:4      | Identified a +0 dagger
  4413 | D:4      | Identified a +1 hunting sling of flaming
  4413 | D:4      | Identified a +0 dagger
  4413 | D:4      | Identified a +0 hunting sling
  4413 | D:4      | Identified a +3 dagger
  4414 | D:4      | Reached skill level 2 in Shields
  4414 | D:4      | Reached skill level 4 in Spellcasting
  4415 | D:4      | Identified a +0 club
  4429 | D:4      | Identified a +0 club
  4429 | D:4      | Identified a +0 animal skin
  4429 | D:4      | Identified a +0 helmet
  4429 | D:4      | Noticed Robin
  4456 | D:4      | Identified a +0 leather armour
  4473 | D:4      | Identified a +0 dagger
  4478 | D:4      | Identified a cursed -2 dagger
  4488 | D:4      | Killed Robin
  4499 | D:4      | Reached skill level 5 in Hexes
  4508 | D:4      | Identified a +0 falchion
  4508 | D:4      | Identified a +0 ring mail
  4696 | D:4      | Killed Blork the orc
  4696 | D:4      | Reached skill level 6 in Hexes
  4817 | D:4      | Identified the +9 dire flail of Quguvoco {crush, rC+ rN+
                  | MP+9 Dex-2}
  4817 | D:4      | Noticed Gartch3's ghost (amateur SpEn)
  4818 | D:4      | Found a transporter.
  4819 | D:4      | Identified a +0 giant club
  4895 | Temple   | Entered the Ecumenical Temple
  4902 | Temple   | Became a worshipper of Gozag Ym Sagoz the Greedy
  5015 | D:4      | Found a sparkling altar of Nemelex Xobeh.
  5015 | D:4      | Found an iron altar of Okawaru.
  5021 | D:4      | Found a basalt altar of Yredelemnul.
  5023 | D:4      | Found a faded altar of an unknown god.
  5024 | D:4      | Found a hide-covered altar of Uskayaw.
  5250 | D:4      | Found a transporter.
  5285 | D:5      | Entered Level 5 of the Dungeon
  5372 | D:5      | Identified a +0 mace
  5372 | D:5      | Identified a +0 dagger
  5372 | D:5      | Identified a +0 robe
  5400 | D:5      | Reached skill level 7 in Hexes
  5494 | D:5      | Identified a +0 mace
  5494 | D:5      | Identified a +0 chain mail
  5497 | D:5      | Identified a +0 flail
  5497 | D:5      | Identified a +0 leather armour
  5668 | D:5      | Reached XP level 8. HP: 36/36 MP: 15/15
  5775 | D:5      | Identified a +0 leather armour
  5776 | D:5      | Identified a cursed +0 dagger
  5776 | D:5      | Identified a +0 robe
  5796 | D:5      | Reached skill level 8 in Hexes
  5812 | D:5      | Identified a +2 short sword of venom
  5818 | D:5      | Identified a +0 leather armour
  5898 | D:5      | Identified a +0 leather armour
  5900 | D:5      | Identified a +0 mace
  5902 | D:5      | Identified a +0 trident
  5902 | D:5      | Identified a +0 scale mail
  5903 | D:5      | Identified a +0 hand axe
  5903 | D:5      | Identified a +0 leather armour
  6320 | D:5      | Found an ancient bone altar of Kikubaaqudgha.
  6322 | D:5      | Found a shimmering blue altar of Sif Muna.
  6328 | D:5      | Found a radiant altar of Vehumet.
  6332 | D:5      | Identified Vehumet's Grimoire of Conjuration
  6338 | D:5      | Learned a level 3 spell: Mephitic Cloud
  6412 | D:5      | Reached skill level 1 in Fighting
  6534 | D:5      | Reached skill level 4 in Dodging
  6667 | D:6      | Reached skill level 1 in Air Magic
  6667 | D:6      | Reached skill level 1 in Poison Magic
  6838 | D:6      | Identified a +0 club
  6838 | D:6      | Identified a +0 leather armour
  6839 | D:6      | Identified a +0 battleaxe
  6839 | D:6      | Identified a +0 plate armour
  6839 | D:6      | Identified a +0 dagger
  6839 | D:6      | Identified a +0 robe
  6842 | D:6      | Identified a +0 dagger
  6842 | D:6      | Identified a cursed +0 robe
  6842 | D:6      | Identified a +0 morningstar
  6924 | D:6      | Reached skill level 2 in Fighting
  6924 | D:6      | Reached skill level 5 in Dodging
  6924 | D:6      | Reached skill level 2 in Poison Magic
  7179 | D:6      | Reached skill level 2 in Air Magic
  7368 | D:6      | Reached skill level 6 in Dodging
  7545 | D:6      | Reached skill level 3 in Fighting
  7545 | D:6      | Reached XP level 9. HP: 35/44 MP: 16/16
  7620 | D:6      | Identified a ring of teleportation (You found it on level 6
                  | of the Dungeon)
  7996 | D:6      | Identified a cursed -1 shortbow
  8008 | D:6      | Identified a +0 falchion
  8008 | D:6      | Identified a +0 scale mail
  8095 | D:7      | Identified a +0 hat (You found it on level 7 of the
                  | Dungeon)
  8339 | D:7      | Reached skill level 7 in Dodging
  8390 | D:7      | Found Bukutrag's Jewellery Boutique.
  8394 | D:7      | Identified 4 scrolls of enchant weapon
  8395 | D:7      | Identified 9 scrolls of identify
  8395 | D:7      | Identified an amulet of faith (You found it on level 7 of
                  | the Dungeon)
  8398 | D:7      | Identified a cursed -3 dagger (You found it on level 2 of
                  | the Dungeon)
  8400 | D:7      | Identified a cursed -1 hunting sling (You found it on level
                  | 4 of the Dungeon)
  8402 | D:7      | Identified 3 potions of degeneration
  8404 | D:7      | Identified 4 potions of magic
  8405 | D:7      | Identified 2 potions of cancellation
  8438 | D:7      | Found a stormy altar of Qazlal.
  8457 | D:7      | Reached skill level 3 in Shields
  8465 | D:7      | Found a shimmering altar of Xom.
  8515 | D:7      | HP: 6/44 [iguana (13)]
  9090 | D:7      | Identified a +0 falchion
  9090 | D:7      | Identified a +0 flail
  9090 | D:7      | Identified a +0 war axe
  9292 | D:7      | Identified a cursed -1 morningstar
  9292 | D:7      | Identified a +0 robe
  9294 | D:7      | Identified a +2 dire flail
  9294 | D:7      | Identified a +0 robe
  9294 | D:7      | Identified a +3 halberd of freezing
  9294 | D:7      | Identified a +0 robe
  9294 | D:7      | Identified a +0 falchion
  9294 | D:7      | Identified a +0 robe
  9324 | D:7      | Reached skill level 8 in Dodging
  9478 | D:7      | Identified a cursed +4 long sword of freezing
  9478 | D:7      | Identified a +0 robe
  9496 | D:7      | HP: 9/44 [wight/cursed +4 long sword of freezing (6)]
  9823 | D:8      | Found Vuipaut's Book Boutique.
  9837 | D:8      | Identified a ring of stealth (You found it on level 8 of
                  | the Dungeon)
  9860 | D:8      | Identified a +0 short sword
  9860 | D:8      | Identified a +0 cloak
  9860 | D:8      | Noticed Maurice
  9895 | D:8      | Identified a +3 morningstar
  9895 | D:8      | Identified a +0 robe
  9896 | D:8      | Identified a +0 dagger
  9896 | D:8      | Identified a +0 robe
  9896 | D:8      | Identified a +0 giant club
  9896 | D:8      | Identified a +0 scimitar
  9896 | D:8      | Identified a +0 chain mail
  9899 | D:8      | Identified a +0 dire flail
  9899 | D:8      | Identified a +0 chain mail
  9899 | D:8      | Identified a +0 hand axe
  9910 | D:8      | Identified a +0 long sword
  9910 | D:8      | Identified a +0 chain mail
  9910 | D:8      | Identified a +0 dagger
  9910 | D:8      | Identified a +0 chain mail
  9910 | D:8      | Identified a +0 hand axe
  9943 | D:8      | HP: 10/44 [killer bee (8)]
  9944 | D:8      | HP: 3/44 [killer bee (7)]
  9944 | D:8      | HP: 1/44 [killer bee (2)]
  9946 | D:8      | Slain by a killer bee

Table legend:
 A = Turns spent in this place as a percentage of turns spent in the entire game.
 B = Non-inter-level travel turns spent in this place as a percentage of non-inter-level travel turns spent in the entire game.
 C = Inter-level travel turns spent in this place as a percentage of turns spent in this place.
 D = Turns resting spent in this place as a percentage of non-inter-level travel turns spent in this place.
 E = Turns spent auto-exploring this place as a percentage of non-inter-level travel turns spent in this place.
 F = Non-inter-level travel turns spent in this place divided by the number of levels of this place that you've seen.
                   A       B       C       D       E      F
               +-------+-------+-------+-------+-------+----------------------
         Total | 100.0 | 100.0 |   2.1 |  33.6 |  38.6 | 1081.8
       Dungeon |  99.8 |  99.9 |   2.1 |  33.6 |  38.6 | 1215.9
        Temple |   0.2 |   0.1 |  40.0 |   0.0 |   0.0 |   9.0
               +-------+-------+-------+-------+-------+----------------------

Table legend:
 A = Kills in this place as a percentage of kills in entire the game.
 B = Kills by you in this place as a percentage of kills by you in the entire game.
 C = Kills by friends in this place as a percentage of kills by friends in the entire game.
 D = Other kills in this place as a percentage of other kills in the entire game.
 E = Experience gained in this place as a percentage of experience gained in the entire game.
 F = Experience gained in this place divided by the number of levels of this place that you have seen.
                   A       B       C       D       E      F
               +-------+-------+-------+-------+-------+----------------------
         Total | 100.0 | 100.0 |   N/A | 100.0 | 100.0 | 442.3
       Dungeon | 100.0 | 100.0 |   N/A | 100.0 | 100.0 | 497.6
               +-------+-------+-------+-------+-------+----------------------

Skill      XL: |  1  2  3  4  5  6  7  8  9 |
---------------+----------------------------+-----
Stealth        | 5 6 7 8 |  8.5
Short Blades   | 2 3 4 5 |  5.3
Shields        | 1 2 3 |  3.2
Spellcasting   | 3 4 |  4.0
Hexes          | 4 7 8 |  8.0
Fighting       | 3 |  3.0
Dodging        | 6 8 |  8.1
Air Magic      | 2 |  2.5
Poison Magic   | 2 |  2.5

Action                   |  1- 3 |  4- 6 |  7- 9 || total
-------------------------+-------+-------+-------++-------
Melee: Dagger            |    76 |    44 |   110 ||   230
       Short sword       |    43 |   186 |   300 ||   529
Throw: Dart              |     5 |     3 |     2 ||    10
 Cast: Corona            |     2 |       |       ||     2
       Ensorcelled Hiber |     4 |     2 |     3 ||     9
       Confuse           |     2 |     7 |    12 ||    21
       Dazzling Spray    |       |       |     8 ||     8
Evoke: Wand              |       |       |     1 ||     1
  Use: Scroll            |       |     3 |    11 ||    14
       Potion            |       |       |     2 ||     2
 Stab: Sleeping          |     8 |    10 |    22 ||    40
       Confused          |       |     5 |     3 ||     8
       Distracted        |       |     2 |     4 ||     6
       Invisible         |       |       |     1 ||     1
       Paralysed         |       |       |     1 ||     1
  Eat: Ration            |       |     1 |     4 ||     5
Armor: Robe              |     8 |    16 |    22 ||    46
Dodge: Dodged            |    86 |   158 |   270 ||   514
Block: Buckler           |       |       |    58 ||    58

Vanquished Creatures
  Purgy (D:3)
  An orc warrior (D:6)
  2 phantoms
  2 sky beasts
  An ice beast (D:5)
  A centaur (D:6)
  Blork the orc (D:4)
  2 bullfrogs (D:6)
  4 scorpions
  5 killer bees (D:8)
  2 howler monkeys
  5 wights (D:7)
  A crimson imp (D:6)
  5 hounds
  A jelly (D:5)
  A centaur zombie (D:5)
  A centaur skeleton (D:4)
  3 orc priests
  5 orc wizards
  Jessica (D:3)
  4 iguanas
  10 worker ants
  A worker ant zombie (D:6)
  Robin (D:4)
  5 adders
  4 shadow imps (D:6)
  An ooze (D:1)
  2 adder skeletons
  5 worms
  6 dart slugs
  4 leopard geckos
  24 orcs
  10 giant cockroaches
  22 goblins
  13 hobgoblins
  13 jackals
  9 kobolds
  3 quokkas
  4 ball pythons
  5 bats
  6 frilled lizards
  A jackal skeleton (D:4)
  12 rats
210 creatures vanquished.
